 Dungeon Sprint DCSS version 0.28-a0-245-g639a1a48b9 (webtiles) character file.

Game seed: 8002067926668635820

10 jt the Chopper (level 2, 0/25 HPs)
             Began as a Palentonga Fighter on Aug 24, 2021.
             Succumbed to a water moccasin's poison
             ... in the Dungeon (Sprint II: "The Violet Keep of Menkaure").
             The game lasted 00:01:15 (262 turns).

jt the Chopper (Palentonga Fighter)                  Turns: 262, Time: 00:01:15

Health: 0/25       AC:  6    Str: 19    XL:     2   Next: 10%
Magic:  2/2        EV:  5    Int:  8    God:
Gold:   51         SH:  9    Dex: 14    Spells: 1/1 levels left

rFire   . . .      SeeInvis +   k - +4 hand axe "Saiwk" {venom, rC- Will++ Dex+5}
rCold   x . .      Faith    .   c - +0 kite shield
rNeg    . . .      Spirit   .   b - +0 scale mail
rPois   .          Reflect  .   (no helmet)
rElec   .          Harm     .   (no cloak)
rCorr   .          Rampage  .   (no gloves)
Will    ++...      NoTele   +   (no barding)
Stlth   ..........              (no amulet)
HPRegen 0.08/turn               (no ring)
MPRegen 0.08/turn               (no ring)

@: lethally poisoned (0 -> -16)
A: large, rugged brown scales 3, see invisible, deformed body, roll 1, armoured
tail
a: Rolling Charge


You were in the Dungeon.
You visited 1 branch You collected 243 gold pieces.
You spent 192 gold pieces at shops.

Inventory:

Hand Weapons
 a - a +0 war axe
 k - the +4 hand axe "Saiwk" (weapon) {venom, rC- Will++ Dex+5}
   (You bought it in a shop in the Dungeon)

   It poisons the flesh of those it strikes.
   Dex:       It affects your dexterity (+5).
   rC:        It makes you vulnerable to cold.
   Will:      It greatly increases your willpower.
Armour
 b - a +0 scale mail (worn)
 c - a +0 kite shield (worn)
Scrolls
 j - a scroll of blinking
Potions
 d - a potion of might
 e - a potion of curing
 g - a potion of haste
 h - 2 potions of magic
 i - a potion of berserk rage


   Skills:
 + Level 3.1 Fighting
 + Level 3.4 Axes
 - Level 2.4 Armour
 + Level 3.4 Shields


You had one spell level left.
You didn't know any spells.
Your spell library was empty.

Dungeon Overview and Level Annotations

Branches:
Dungeon (1/1)

Altars:

Shops:
D ?!:[([=(=?*:[!!

Annotations:
D exclusion: oklob plant


Innate Abilities, Weirdness & Mutations

You are completely covered in rugged brown scales. (AC +3, +7% HP)
You have supernaturally acute eyesight. (SInv)
Armour fits poorly on your strangely shaped body.
You can roll at nearby foes to attack.
You have a long armoured tail.


Message History

There is an entrance to Ekof's Distillery here.
You open the door. The water moccasin bites you.
You slash the water moccasin!
The water moccasin is poisoned.
The water moccasin is moderately wounded.
The water moccasin barely misses you. The water moccasin bites you.
You miss the water moccasin.
The water moccasin is moderately wounded.
You block the water moccasin's attack. The water moccasin barely misses you.
You closely miss the water moccasin.
The water moccasin is moderately wounded.
You block the water moccasin's attack. The water moccasin bites you.
You are lethally poisoned!
The water moccasin poisons you!
You hit the water moccasin.
Your tail-slap misses the water moccasin.
The water moccasin is heavily wounded.
You feel very sick.
The water moccasin bites you but does no damage.
You are too injured to fight recklessly!
You are too injured to fight recklessly!
Your scale mail prevents you from hitting the water moccasin.
The water moccasin is heavily wounded.
You feel very sick. You block the water moccasin's attack.
The water moccasin bites you.
* * * LOW HITPOINT WARNING * * *
You are more poisoned.
The water moccasin poisons you!
You aren't carrying any items that you can evoke.
Unknown command.
You feel much better.
You feel very sick.
You block the water moccasin's attack. x2
You closely miss the water moccasin.
The water moccasin is heavily wounded.
You feel very sick. You block the water moccasin's attack.
The water moccasin bites you!
* * * LOW HITPOINT WARNING * * *
You hit the water moccasin.
The water moccasin is severely wounded.
You die...

###########≈≈≈...
##........#≈≈≈≈.#
##....⌠...#≈≈≈≈#
##...∩.∩..#≈≈≈≈#
##..∩.∩.∩.#≈≈###
##.∩.∩.∩..#≈##.###+#
##∩.∩...∩.#≈###.##.##
##.∩.....∩S≈'.##'†<.+
##∩......@#≈#...##.##
#▓▓▓▓▓▓▓###≈##.###+#
##:Zs######≈≈###


l#l #$.s#hh ##≈≈≈#.# #. #∩P$+h$#+ +#≈## ## #).)#?##.# ≈≈# #$$.###..○ ≈≈
##+###..°° You could see a spectral adder, a water moccasin (very poisoned) and
2 redbacks.

Vanquished Creatures
  3 worms (D)
3 creatures vanquished.

Vanquished Creatures (others)
  A wyvern (D)
  Menkaure (D)
2 creatures vanquished.

Grand Total: 5 creatures vanquished

Notes
Turn   | Place    | Note
-------+----------+-------------------------------------------
     0 | D        | jt the Palentonga Fighter began the quest for the Orb.
     0 | D        | Reached XP level 1. HP: 19/19 MP: 1/1
     1 | D        | Noticed a wyvern
     1 | D        | Noticed a wyvern
    20 | D        | Reached XP level 2. HP: 8/25 MP: 2/2
   132 | D        | Killed Menkaure
   151 | D        | Killed a wyvern
   225 | D        | Found Yrixiutt's Distillery.
   225 | D        | Found Metri's Book Emporium.
   225 | D        | Found Ubliny's Antique Armour Emporium.
   225 | D        | Found Asydghu's Magic Scroll Shoppe.
   225 | D        | Found Teetzeso's Assorted Antiques.
   226 | D        | Found Tuoptuit's Jewellery Shoppe.
   226 | D        | Found Sonedd's Antique Weapon Emporium.
   227 | D        | Found Fykkyiz's Jewellery Shoppe.
   227 | D        | Found Jekhunu's Antique Armour Emporium.
   227 | D        | Noticed a redback
   228 | D        | Found Busajel's Distillery.
   229 | D        | Found Kuezig's Antique Weapon Shoppe.
   229 | D        | Found Nebin's Antique Armour Emporium.
   229 | D        | Noticed a water moccasin
   229 | D        | Noticed a redback
   229 | D        | Noticed an oklob plant
   230 | D        | Found Curcheit's Magic Scroll Emporium.
   230 | D        | Found Ekof's Distillery.
   230 | D        | Found Movungyp's Book Shoppe.
   237 | D        | Bought a translucent hand axe for 192 gold pieces
   237 | D        | Identified the +4 hand axe "Saiwk" {venom, rC- Will++
                  | Dex+5} (You bought it in a shop in the Dungeon)
   240 | D        | Noticed a black bear
   241 | D        | Noticed a black bear
   242 | D        | Noticed a black bear
   262 | D        | Succumbed to a water moccasin's poison

Illustrated notes

Levels and vault maps discovered:
D:        the_violet_keep_of_menkaure [sprint2_stairs_cluster_1,
          sprint2_shoproom, sprint2_temple, sprint2_basic_supplies,
          sprint2_obstacle_1, sprint2_obstacle_2, sprint2_obstacle_6,
          sprint2_obstacle_3, sprint2_obstacle_7, sprint2_timed_cluster_1,
          sprint2_smallroom_cluster_1, sprint2_smallroom_final_cluster_1,
          sprint2_transparent_cluster_1, sprint2_second_timed_cluster_1,
          sprint2_sniper_area_1, sprint2_heavy_combat_area_1,
          sprint2_mutation_trap_area_1, sprint2_forest_area_1,
          sprint2_light_combat_area_1, sprint2_behind_water_1,
          sprint2_near_end_vault_1]

Skill      XL: |  1 |
---------------+----+-----
Shields        | 3 |  3.4
Axes           | 3 |  3.4
Fighting       | |  3.1
Armour         | |  2.4

Action                   || total
-------------------------++-------
Melee: War axe           ||    11
       Tailslap          ||     3
       Hand axe          ||     7
 Abil: Rolling Charge    ||     2
  Use: Potion            ||     1
Armor: Scale mail        ||     1
Dodge: Dodged            ||     4
Block: Kite shield       ||     8

Table legend: (Time is in decaauts)
 A = Elapsed time spent in this place.
 B = Non-inter-level travel time spent in this place.
 C = Inter-level travel time spent in this place.
 D = Time resting spent in this place.
 E = Time spent auto-exploring this place.
 F = Levels seen in this place.
 G = Mean time per level.
                   A        B        C        D        E       F      G
               +--------+--------+--------+--------+--------+-----+--------+
         Total |    270 |    270 |      0 |    194 |      0 |   1 |  270.0 |
       Dungeon |    270 |    270 |      0 |    194 |      0 |   1 |  270.0 |
               +--------+--------+--------+--------+--------+-----+--------+

Top non-repeatable levels by time:
       D: 270 daAuts
